Match 47069052
Unlisted

Match 47069052
End
Construct Weapon Support Center
M1919 Machine Gun Team
Engineer Squad
M1919 Machine Gun Team
Infantry Support Center
Construct Motor Pool
M8 Greyhound Armored Car
Construct Medical Station
M3 Armored Personnel Carrier
M3 Armored Personnel Carrier
Sniper
Construct Tank Depot
Selects Advanced Infantry Battlegroup
Selects Artillery Observers
Selects M2A1 105mm Howitzer Emplacement
Construct Barracks
Artillery Observer Squad
Selects Convert to Ranger Squad
Selects Designate Assault Position
Selects Infantry Assault
Ranger Squad
M4A1 Sherman Medium Tank
Riflemen Squad
M4A1 Sherman Medium Tank
Engineer Squad
Infantry Assault
Captain Retinue
M4A1 Sherman Medium Tank
Engineer Squad
Survival Training
Demolitions Package
M18 Hellcat Tank Destroyer
M18 Hellcat Tank Destroyer
Engooeer
Brick_man
Dr. T
Daspi
LeMounky
tillre
0
0

Comments sign in to comment!

No comments posted yet!